Map: 2000 Atmospheres LE

Players

Vanya

  • Race: Zerg Zerg

HeroMarine - Winner!

  • Race: Terran Terran

Event: DreamHack SC2 Masters 2021 Fall

VOD

Have the link to the VOD?

Description

Time

  • Played on: July 28, 2021, 2:42 p.m.
  • Length: 9:30

All games in this series

Show
View Real Time Build Order
Export as new Build Order

Vanya Zerg 

Build Orders: Hatch First, Muta Ling Bane 

Get SALT Encoding   

  12  0:00  Drone  
  13  0:12  Overlord  
  13  0:16  Drone  
  14  0:30  Drone x2  
  16  0:47  Hatchery  
  15  0:50  Drone  
  15  0:54  Drone  
  18  0:57  Drone  
  18  1:07  Extractor  
  17  1:12  Spawning Pool  
  17  1:15  Drone  
  17  1:18  Drone  
  18  1:28  Drone  
  19  1:39  Drone  
  20  1:49  Drone  
  21  1:58  Queen  
  21  1:59  Queen  
  21  2:00  Zergling x4  
  27  2:12  Hatchery  
  26  2:16  Overlord  
  26  2:19  Drone  
  26  2:22  Drone  
  28  2:34  Metabolic Boost  
  28  2:37  Drone x3  
  31  2:42  Queen  
  33  2:47  Overlord  
  33  2:50  Drone  
  34  2:53  Drone  
  34  2:55  Drone  
  36  3:06  Drone x2  
  36  3:08  Drone x2, Overlord  
  40  3:14  Drone  
  40  3:17  Drone  
  40  3:18  Queen  
  44  3:24  Queen  
  46  3:28  Drone  
  46  3:32  Drone x2  
  49  3:38  Zergling x6  
  49  3:39  Overlord  
  52  3:43  Drone x2  
  52  3:47  Drone  
  52  3:48  Drone  
  56  3:51  Overlord  
  56  3:56  Queen  
  56  3:58  Drone, Baneling Nest  
  56  4:01  Drone x2  
  60  4:03  Drone x2  
  60  4:07  Queen  
  60  4:09  Drone  
  65  4:12  Drone  
  66  4:17  Zergling x8  
  66  4:21  Overlord  
  70  4:29  Overlord  
  68  4:32  Overlord  
  68  4:35  Lair  
  68  4:37  Extractor  
  67  4:38  Extractor, Overlord  
  67  4:43  Drone x8  
  74  4:51  Zergling x12  
  74  4:52  Zergling x2  
  80  4:54  Drone  
  81  5:01  Zergling x2  
  81  5:06  Drone x5  
  79  5:11  Spore Crawler  
  79  5:12  Spore Crawler x2  
  79  5:13  Drone  
  75  5:18  Drone x2  
  75  5:19  Extractor  
  75  5:21  Extractor  
  73  5:24  Drone x3  
  73  5:27  Queen  
  76  5:30  Drone x5  
  81  5:36  Spire  
  81  5:37  Drone  
  81  5:39  Extractor  
  81  5:41  Drone  
  81  5:47  Drone x2  
  83  5:51  Zergling x12  
  83  5:55  Centrifical Hooks  
  89  6:01  Drone x2  
  91  6:05  Overlord  
  91  6:06  Drone x4  
  91  6:10  Drone  
  96  6:18  Overlord  
  96  6:19  Drone  
  96  6:22  Evolution Chamber x2  
  96  6:23  Overlord  
  95  6:25  Hatchery  
  95  6:29  Drone x3  
  93  6:43  Zergling x20  
  103  6:49  Zerg Melee Weapons Level 1, Zerg Ground Armor Level 1  
  103  6:56  Overlord  
  103  6:57  Mutalisk x2  
  107  7:06  Drone  
  107  7:07  Drone, Mutalisk x5  
  119  7:10  Zergling x6  
  119  7:13  Baneling x6  
  121  7:21  Zergling x10  
  118  7:38  Mutalisk x2, Overlord  
  118  7:39  Mutalisk  
  118  7:43  Zergling x12  
  130  7:48  Overseer  
  130  7:51  Overlord  
  130  7:52  Overlord x3  
  130  7:53  Hatchery  
  129  8:04  Mutalisk x3  
  128  8:06  Mutalisk  
  128  8:12  Drone x10  
  140  8:13  Mutalisk  
  142  8:23  Drone x2  
  144  8:32  Zergling x10  
  144  8:33  Baneling x4  
  144  8:34  Baneling x2  
  149  8:36  Mutalisk x2  
  144  8:49  Zergling x18  
  144  8:53  Baneling x7  
  145  8:59  Zergling x2  
  143  9:07  Baneling x13  
  136  9:11  Zergling x14  
Show
View Real Time Build Order
Export as new Build Order

HeroMarine Terran - Winner!

Build Orders: Hellion Opening 

Get SALT Encoding   

  12  0:00  SCV  
  13  0:12  SCV  
  14  0:17  Supply Depot  
  14  0:24  SCV  
  15  0:38  SCV  
  15  0:39  Barracks  
  15  0:42  Refinery  
  16  0:50  SCV  
  17  1:02  SCV  
  18  1:15  SCV  
  19  1:25  Barracks Reactor  
  19  1:27  Orbital Command  
  19  1:38  Command Center  
  19  1:46  Supply Depot  
  19  1:52  SCV  
  20  2:02  Factory  
  20  2:04  SCV  
  20  2:07  Marine x2  
  23  2:15  Refinery  
  23  2:16  SCV  
  24  2:25  Marine x2  
  24  2:28  SCV  
  27  2:40  SCV  
  28  2:48  Starport  
  32  2:51  Orbital Command, Hellion x2  
  32  2:54  SCV  
  32  2:56  Marine  
  34  3:06  SCV  
  39  3:12  Hellion  
  39  3:13  Hellion  
  39  3:18  Marine, Supply Depot  
  40  3:23  SCV x2  
  40  3:26  Medivac  
  44  3:35  SCV x2  
  44  3:40  Marine, Hellion x2  
  51  3:44  Supply Depot  
  51  3:47  SCV x2  
  53  3:54  Supply Depot  
  53  3:57  Starport Tech Lab  
  53  3:58  Barracks Tech Lab  
  53  3:59  SCV  
  54  4:05  SCV, Hellion x2  
  59  4:13  SCV  
  59  4:15  Raven  
  59  4:16  Marine, Stimpack  
  63  4:17  SCV  
  64  4:25  SCV  
  64  4:29  SCV  
  66  4:34  Marine  
  66  4:37  Command Center  
  67  4:42  Factory Reactor  
  67  4:43  SCV x2  
  69  4:50  Barracks  
  69  4:52  Marine  
  69  4:54  Barracks  
  69  4:55  SCV  
  70  5:00  Supply Depot  
  70  5:15  Marine  
  70  5:16  SCV, Engineering Bay x2  
  72  5:24  SCV  
  72  5:28  SCV  
  74  5:32  Refinery  
  74  5:33  Marine, Refinery, Factory Reactor  
  74  5:34  Starport Reactor  
  75  5:36  SCV  
  75  5:37  Barracks  
  75  5:38  Barracks  
  75  5:40  SCV  
  77  5:44  Terran Infantry Armor Level 1, Terran Infantry Weapons Level 1  
  77  5:47  Marine  
  77  5:48  Marine x3  
  77  5:49  SCV  
  82  5:51  Marine, Orbital Command  
  83  5:58  SCV, Combat Shield  
  83  6:01  SCV  
  85  6:05  Marine x2  
  85  6:06  Marine x2  
  85  6:09  Marine  
  85  6:10  SCV  
  91  6:13  SCV, Supply Depot  
  91  6:14  Orbital Command  
  92  6:22  SCV, Supply Depot  
  92  6:23  Marine x2, Medivac x2  
  92  6:25  SCV, Widow Mine  
  100  6:31  Widow Mine  
  102  6:33  Marine x2  
  102  6:34  Barracks Reactor x2, SCV  
  102  6:37  Marine, SCV  
  107  6:41  Marine  
  107  6:46  SCV x2  
  102  6:47  Marine  
  102  6:49  SCV  
  102  6:51  Marine x2  
  106  6:54  Marine  
  106  6:59  Marine  
  108  7:02  Medivac x2  
  108  7:04  Widow Mine  
  108  7:05  Marine  
  108  7:06  Widow Mine  
  117  7:08  Armory  
  117  7:09  Marine x2  
  117  7:12  Marine  
  117  7:13  Marine x2  
  117  7:14  Marine, Factory  
  123  7:20  Marine x2  
  111  7:23  Marine  
  111  7:27  Marine x2  
  114  7:30  Marine  
  114  7:31  Marine x3  
  114  7:34  Widow Mine x2, Medivac  
  124  7:37  Supply Depot  
  124  7:38  Marine  
  124  7:40  Marine, Supply Depot, Medivac, SCV  
  124  7:41  Supply Depot  
  124  7:42  SCV x2  
  131  7:49  Marine x2  
  133  7:54  Refinery  
  133  7:56  Marine  
  133  7:57  Marine  
  133  7:59  Marine x3, SCV x2, Missile Turret  
  133  8:00  Missile Turret  
  133  8:01  Marine  
  133  8:02  SCV  
  139  8:08  Marine  
  139  8:10  Missile Turret  
  139  8:11  SCV x2  
  142  8:14  SCV  
  142  8:16  Widow Mine x2  
  142  8:17  Widow Mine  
  146  8:23  SCV x2  
  148  8:31  Supply Depot  
  148  8:35  Marine x3, Medivac x2  
  148  8:36  Marine  
  156  8:43  Marine  
  156  8:48  Supply Depot x2  
  157  8:49  Marine  
  157  8:50  Widow Mine x3  
  157  8:53  Marine x2  
  156  8:56  Marine x2  
  156  8:59  Marine x2  
  156  9:00  Marine  
  156  9:01  Marine  
  155  9:07  Marine  

Tags
 
Add a new tag
Caveats
  • Supply blocks, unpowered buildings, or Contaminate may cause inaccurate times.
  • Supply counts are checked every 10 seconds.